 Dungeon Crawl Stone Soup version 0.22.0-21-g8bd1b0a (webtiles) character file.

87 mhoghedin the Charlatan (level 4, -1/26 HPs)
             Began as a Kobold Artificer on Aug 19, 2018.
             Was a Follower of Elyvilon.
             Killed by nerve-wracking pain
             ... invoked by an orc priest
              (12 damage)
             ... on level 2 of the Dungeon.
             The game lasted 00:04:24 (3144 turns).

mhoghedin the Charlatan (Kobold Artificer)          Turns: 3144, Time: 00:04:25

Health: -1/26      AC:  6    Str:  9    XL:     4   Next: 80%
Magic:  15/16      EV: 14    Int: 12    God:    Elyvilon [*.....]
Gold:   66         SH:  4    Dex: 16    Spells: 3/3 levels left

rFire    . . .     SeeInvis .   a - +0 short sword
rCold    . . .     Gourm    .   n - +0 buckler
rNeg     . . .     Faith    .   p - +3 leather armour
rPois    .         Spirit   .   (no helmet)
rElec    .         Reflect  .   (no cloak)
rCorr    .         Harm     .   (no gloves)
MR       .....                  (no boots)
Stlth    ++........             (no amulet)
HPRegen  0.08/turn              h - ring of magical power {MP+9}
MPRegen  0.15/turn              (no ring)

@: no status effects
A: small, carnivore
a: Lesser Healing, Divine Protection, Renounce Religion


You were on level 2 of the Dungeon.
You worshipped Elyvilon.
Elyvilon was aware of your devotion.
You were completely stuffed.

You visited 1 branch of the dungeon, and saw 2 of its levels.

You collected 66 gold pieces.

Inventory:

Hand Weapons
 a - a +0 short sword (weapon)
Armour
 n - a +0 buckler (worn)
   (You found it on level 2 of the Dungeon)
 p - a +3 leather armour (worn)
   (You found it on level 2 of the Dungeon)
Jewellery
 h - a ring of magical power (left hand) {MP+9}
   (You found it on level 2 of the Dungeon)
Wands
 c - a wand of flame (11)
 d - a wand of enslavement (15)
Scrolls
 i - a scroll of teleportation {unknown}
 j - a scroll of remove curse {unknown}
 k - 3 scrolls of identify {unknown}
 m - a scroll of enchant weapon {unknown}
Potions
 g - 4 potions of curing {unknown}
 l - a potion of lignification {unknown}
Comestibles
 f - 3 rations


   Skills:
 + Level 2.2 Fighting
 + Level 2.7 Short Blades
 - Level 3.2 Dodging
 + Level 2.5 Stealth
 - Level 0.4 Shields
 + Level 0.3 Invocations
 - Level 4.1 Evocations


You had 3 spell levels left.
You didn't know any spells.
Your spell library was empty.

Dungeon Overview and Level Annotations

Branches:
Dungeon (2/15)

Altars:
Elyvilon


Innate Abilities, Weirdness & Mutations

You are small and have problems with some larger weapons.
You are carnivorous and can eat meat at any time.


Message History

There is a stone staircase leading down here.
You climb downwards.
There is a stone staircase leading up here.
You see here a stone.
You see here a stone.
Eating one of 6 chunks of flesh {@w0}.
You eat one of the 6 chunks of flesh {@w0}.
This raw flesh tastes great.
A hobgoblin comes into view. It is wielding a club.
You regained 6 hp, and now have 24/26 hp.
Found a stone staircase leading down.
The hobgoblin shouts!
The hobgoblin barely misses you.
You completely miss the hobgoblin.
A worm comes into view.
You closely miss the hobgoblin. You block the hobgoblin's attack.
You closely miss the hobgoblin. You block the hobgoblin's attack.
You hit the hobgoblin. You block the hobgoblin's attack.
You hit the hobgoblin. The hobgoblin closely misses you.
You hit the hobgoblin but do no damage. The hobgoblin misses you.
You hit the hobgoblin but do no damage. The hobgoblin hits you with a club.
You take 1 damage, and have 24/26 hp.
You completely miss the hobgoblin. The hobgoblin misses you.
You hit the hobgoblin.
You kill the hobgoblin!
You barely miss the worm. You block the worm's attack.
The worm closely misses you.
Things that are here:
a club; a hobgoblin corpse Some of the chunks of flesh in your inventory have rotted away.
Health restored: 26
Aim: a worm The puff of flame hits the worm.
Aim: a worm (moderately wounded)
The puff of flame hits the worm.
You kill the worm!
Okay, then.
Unknown command.
Unknown command.
Drop what? 15/52 slots (_ for help) (? for menu, Esc to quit)
You drop a wand of random effects (15).
You feel your magic capacity increase.
h - a ring of magical power (left hand) All of the chunks of flesh in your inventory have rotted away.
You see here a dagger.
A rat comes into view.
A rat is nearby!
MP restored: 16 A bat comes into view.
A kobold comes into view. It is wielding a dagger.
The helpless rat fails to defend itself.
You puncture the rat!
You kill the rat!
You block the bat's attack.
You hit the bat.
You kill the bat!
The kobold shouts!
The kobold hits you but does no damage.
You hit the kobold.
You kill the kobold!
No target in view!
No target in view!
No target in view!
No target in view!
No target in view!
No target in view!
No target in view!
No target in view!
No target in view!
No target in view!
No target in view!
The orc priest is too close now for your liking.
An orc priest is nearby!
Okay, then.
Unknown command.
You start waiting.
The orc priest is too close now for your liking.
The orc priest shouts!
The orc priest mumbles some strange prayers to Beogh against you.
Beogh smites you!
You take 8 damage, and have 18/26 hp.
MASSIVE DAMAGE!!
Okay, then.
Unknown command.
You hit the orc priest but do no damage.
The orc priest hits you but does no damage.
You hit the orc priest but do no damage.
The orc priest mumbles some strange prayers to Beogh against you.
Pain shoots through your body!
Ouch! That really hurt!
* * * LOW HITPOINT WARNING * * *
You take 13 damage, and have 5/26 hp.
MASSIVE DAMAGE!!
You are healed.
You feel somewhat less full. You block the orc priest's attack.
You regained 6 hp, and now have 11/26 hp.
You now have 15/16 mp.
Your shield prevents you from hitting the orc priest.
The orc priest calls down the wrath of Beogh upon you.
Pain shoots through your body!
You die...

...#....................####.....
...#....................####†....
...#.......................#.....
####.......................###...
.................###.......# #...
####.............# #..o...###...
...#...###.......# #............
.................# #...........#
................@####...........#
................o...............#
..≈...≈.≈....≈..................#
..≈..≈≈≈≈.≈≈≈...................#
..≈≈≈≈≈≈≈≈≈≈≈≈..#####............
...≈≈≈≈≈≈≈≈≈≈.≈.######...#####...
....≈≈≈≈≈≈≈≈≈≈..##<..#...# #...
..≈≈≈≈≈≈♣.≈≈≈≈...........#####...
##.≈≈≈≈._.≈≈≈≈...................


You could see an orc priest.

Vanquished Creatures
  An adder (D:2)
  A worm (D:2)
  3 dart slugs
  4 leopard geckos
  2 orcs (D:1)
  A ball python (D:1)
  3 giant cockroaches
  9 goblins
  8 hobgoblins
  9 kobolds
  A quokka (D:2)
  5 bats
  3 frilled lizards (D:1)
  6 rats
56 creatures vanquished.

Notes
Turn   | Place    | Note
-------+----------+-------------------------------------------
     0 | D:1      | mhoghedin the Kobold Artificer began the quest for the Orb.
     0 | D:1      | Reached XP level 1. HP: 12/12 MP: 3/3
   339 | D:1      | Reached XP level 2. HP: 15/16 MP: 4/4
   500 | D:1      | Reached skill level 2 in Stealth
   827 | D:1      | Reached skill level 2 in Short Blades
   847 | D:1      | Reached XP level 3. HP: 20/20 MP: 5/5
  1125 | D:1      | Reached skill level 4 in Evocations
  1631 | D:2      | Reached skill level 3 in Dodging
  1755 | D:2      | Reached skill level 2 in Fighting
  1755 | D:2      | Reached XP level 4. HP: 13/26 MP: 7/7
  1766 | D:2      | HP: 6/26 [kobold/dagger (2)]
  2013 | D:2      | Found a faded altar of an unknown god.
  2739 | D:2      | Became a worshipper of Elyvilon the Healer
  2739 | D:2      | Reached * piety under Elyvilon
  2853 | D:2      | HP: 6/26 [worm (11)]
  3142 | D:2      | HP: 5/26 [orc priest/nerve-wracking pain (14)]
  3144 | D:2      | Killed from afar by an orc priest

Skill      XL: |  1  2  3 |
---------------+----------+-----
Stealth        | 2 |  2.5
Short Blades   | 2 |  2.7
Evocations     | 4 |  4.1
Dodging        | 3 |  3.2
Fighting       | 2 |  2.2
Shields        | |  0.4
Invocations    | |  0.3

Action                   |  1- 3 |  4- 6 || total
-------------------------+-------+-------++-------
Melee: Short sword       |   137 |   103 ||   240
Invok: Lesser Healing    |       |     3 ||     3
Evoke: Wand              |     2 |     2 ||     4
  Use: Potion            |       |     1 ||     1
 Stab: Sleeping          |     5 |     2 ||     7
       Distracted        |     1 |       ||     1
  Eat: Chunk             |     3 |     9 ||    12
       Ration            |       |     2 ||     2
Armor: Leather armour    |    19 |    15 ||    34
Dodge: Dodged            |   124 |    55 ||   179
Block: Buckler           |     9 |    21 ||    30

Vault maps used:
D:1:      erik_arrival_cave_to_civilisation, dk_noncrumbling_4,
          grunt_decor_arrowhead
D:2:      chequers_ecumenical_altar_island, st_stairs_7

Table legend:
 A = Turns spent in this place as a percentage of turns spent in the entire game.
 B = Non-inter-level travel turns spent in this place as a percentage of non-inter-level travel turns spent in the entire game.
 C = Inter-level travel turns spent in this place as a percentage of turns spent in this place.
 D = Turns resting spent in this place as a percentage of non-inter-level travel turns spent in this place.
 E = Turns spent auto-exploring this place as a percentage of non-inter-level travel turns spent in this place.
 F = Non-inter-level travel turns spent in this place divided by the number of levels of this place that you've seen.
                   A       B       C       D       E      F
               +-------+-------+-------+-------+-------+----------------------
         Total | 100.0 | 100.0 |   1.1 |  31.8 |  47.4 | 1555.0
       Dungeon | 100.0 | 100.0 |   1.1 |  31.8 |  47.4 | 1555.0
               +-------+-------+-------+-------+-------+----------------------

Table legend:
 A = Kills in this place as a percentage of kills in entire the game.
 B = Kills by you in this place as a percentage of kills by you in the entire game.
 C = Kills by friends in this place as a percentage of kills by friends in the entire game.
 D = Other kills in this place as a percentage of other kills in the entire game.
 E = Experience gained in this place as a percentage of experience gained in the entire game.
 F = Experience gained in this place divided by the number of levels of this place that you have seen.
                   A       B       C       D       E      F
               +-------+-------+-------+-------+-------+----------------------
         Total | 100.0 | 100.0 |   N/A |   N/A | 100.0 |  62.5
       Dungeon | 100.0 | 100.0 |   N/A |   N/A | 100.0 |  62.5
               +-------+-------+-------+-------+-------+----------------------
